 Dungeon Crawl Stone Soup version 0.31-a0-844-gdc52ec4e09 (webtiles) character file.

Game seed: 9061982357210149717

283 BinkBink the Shield-Bearer (level 6, -1/49 HPs)
             Began as a Formicid Fighter on Sept 30, 2023.
             Was an Initiate of Ru.
             Slain by a jelly (3 damage)
             ... on level 4 of the Dungeon.
             The game lasted 00:04:19 (2937 turns).

BinkBink the Shield-Bearer (Formicid Fighter)       Turns: 2937, Time: 00:04:19

Health: -1/49      AC: -4    Str: 22    XL:     6   Next: 54%
Magic:  6/6        EV:  9    Int:  8    God:    Ru [......]
Gold:   261        SH:  5    Dex: 13    Spells: 5/5 levels left

rFire   . . .        a - +0 trident
rCold   . . .        c - +0 buckler
rNeg    . . .        b - +0 scale mail
rPois   .            (helmet unavailable)
rElec   .            (no cloak)
rCorr   .            (no gloves)
SInv    +            (no boots)
Will    .....        (no amulet) Stlth
                     (no ring)
HPRegen 0.28/turn    (no ring)
MPRegen 0.10/turn

%: no passive effects
@: lethally poisoned (-1 -> -4), corroded
A: permanent stasis, dig shafts and tunnels, antennae 3, four strong arms
a: Dig, Shaft Self, Renounce Religion


You were on level 4 of the Dungeon.
You worshipped Ru.
Ru was noncommittal.
You visited 2 branches of the dungeon, and saw 6 of its levels.

You collected 261 gold pieces.

Inventory:

Hand Weapons
 a - a +0 trident (weapon)
Armour
 b - a +0 scale mail (worn)
 c - a +0 buckler (worn)
Jewellery
 i - a ring of magical power
 s - a ring of ice
Wands
 n - a wand of quicksilver (13)
 t - a wand of flame (12)
Scrolls
 e - a scroll of noise {unknown}
 g - 2 scrolls of teleportation {unknown}
 h - 3 scrolls of identify {unknown}
 l - a scroll of vulnerability {unknown}
 m - a scroll of amnesia {unknown}
 o - 2 scrolls of enchant armour {unknown}
 q - a scroll of enchant weapon {unknown}
 r - a scroll of torment {unknown}
Potions
 d - 3 potions of might
 j - a potion of degeneration {unknown}
 k - 2 potions of haste
 p - a potion of curing {unknown}


   Skills:
 + Level 4.6 Fighting
 + Level 3.5 Polearms
 + Level 4.7 Armour
 + Level 5.6 Shields


You had 5 spell levels left.
You didn't know any spells.
Your spell library was empty.

Dungeon Overview and Level Annotations

Branches:
Dungeon (5/15)             Temple (1/1) D:4

Altars:
Cheibriados
Dithmenos
Elyvilon
Gozag
Ru
Sif Muna
Trog
Vehumet
Zin
The Shining One

Annotations:
D:4 2 runed translucent doors, pornopis's ghost, novice BaHu


Innate Abilities, Weirdness & Mutations

You cannot be hasted, slowed, berserked, paralysed or teleported.
You can dig through walls and to a lower floor.
You have a pair of large antennae on your head. (SInv)
Your four strong arms can wield two-handed weapons with a shield.


Message History

The adder bites you.
* * * LOW HITPOINT WARNING * * *
You are poisoned.
The adder poisons you! You block the jelly's attack. The adder bites you.
* * * LOW HITPOINT WARNING * * *
You are lethally poisoned!
The adder poisons you!
You climb upwards.
Level annotation: 2 runed translucent doors, pornopis's ghost, novice BaHu
* * * LOW HITPOINT WARNING * * *
You feel very sick.
There is a stone staircase leading down here.
It was a potion of heal wounds.
You feel much better.
You feel sick. The jelly barely misses you. The adder bites you.
You are more poisoned.
The adder poisons you!
You feel much better.
You feel sick. The adder bites you.
You are more poisoned.
The adder poisons you! You block the jelly's attack.
You closely miss the adder.
You feel very sick. The adder bites you.
You are more poisoned.
The adder poisons you! The jelly hits you. The acid corrodes you!
You are splashed with acid!
You block the adder's attack.
You feel very sick. The jelly hits you. The acid corrodes you!
You are splashed with acid!
You block the adder's attack.
You feel sick. The jelly completely misses you.
You feel sick. The adder attacks as it pursues you!
The adder barely misses you. The adder closely misses you.
You feel sick. The jelly attacks as it pursues you! The jelly hits you.
* * * LOW HITPOINT WARNING * * *
You are splashed with acid!
* * * LOW HITPOINT WARNING * * *
It was a potion of haste.
Your stasis prevents you from being hasted.
* * * LOW HITPOINT WARNING * * *
You feel sick. The jelly hits you.
You die...

...############....#.#
...#........# #....#.##
####.######.# #.......#
#.####.#.# #..#.#..#
#.#....#.# #.......#
####.#.##.#.###.##....#
...#.#..........##^...#
##.#.#############....#
#..............@JS.>.#
##.####################
...# #########
........# ........#
........# ........#
........###


You could see a jelly and an adder.

Vanquished Creatures
  A sky beast (D:4)
  A scorpion (D:4)
  A hound (D:4)
  2 adders (D:4)
  2 worms
  4 dart slugs
  6 bats
  15 endoplasms
  3 giant cockroaches (D:1)
  4 hobgoblins
  2 jackals (D:4)
  5 quokkas
  4 ball pythons (D:1)
  2 frilled lizards
  8 goblins
  6 kobolds
  3 rats
69 creatures vanquished.

Notes
Turn   | Place    | Note
-------+----------+-------------------------------------------
     0 | D:1      | BinkBink the Formicid Fighter began the quest for the Orb.
     0 | D:1      | Reached XP level 1. HP: 18/18 MP: 1/1
    90 | D:1      | Reached XP level 2. HP: 24/24 MP: 2/2
   402 | D:1      | Reached XP level 3. HP: 29/29 MP: 3/3
   862 | D:2      | Found a glowing silver altar of Zin.
  1127 | D:2      | Reached XP level 4. HP: 34/37 MP: 4/4
  2173 | D:4      | Noticed a sky beast
  2191 | D:4      | Reached XP level 5. HP: 23/42 MP: 5/5
  2201 | D:4      | Killed a sky beast
  2202 | D:4      | Reached skill level 5 in Shields
  2202 | D:4      | Reached XP level 6. HP: 14/49 MP: 6/6
  2328 | D:4      | Found a staircase to the Ecumenical Temple.
  2335 | Temple   | Entered the Ecumenical Temple
  2365 | Temple   | Became a worshipper of Ru the Awakened
  2388 | D:4      | Found a large runed translucent door.
  2390 | D:4      | Found a large runed translucent door.
  2533 | D:4      | Noticed pornopis's ghost (novice BaHu)
  2919 | D:5      | Entered Level 5 of the Dungeon
  2920 | D:5      | Noticed a black bear
  2937 | D:4      | HP: 2/49 [poisoned by an adder]
  2937 | D:4      | Slain by a jelly

Illustrated notes

Levels and vault maps discovered:
D:1:      tarquinn_simple_flora_water_d, layout_basic
D:2:      layout_basic, basic_altar
D:3:      layout_basic
D:4:      layout_basic, minmay_temple_entry_crystal_x,
          ebering_ghost_disaster_area, minmay_misc_feat_rugged
D:5:      layout_rooms, xom_confusion_cloud, mainiacjoe_overflow_alcove_1,
          minmay_a_box_with_orc_wizards_in_it, uniq_edmund
Temple:   nicolae_temple_ecumenical_triangle

Skill      XL: |  1  2  3  4  5 |
---------------+----------------+-----
Armour         | 4 |  4.7
Fighting       | 4 |  4.6
Polearms       | 3 |  3.5
Shields        | 5 |  5.6

Action                     |  1- 3 |  4- 6 || total
---------------------------+-------+-------++-------
  Melee: Trident           |   132 |   128 ||   260
    Use: Potion            |       |     3 ||     3
 Armour: Scale mail        |    62 |    77 ||   139
  Dodge: Dodged            |    48 |    40 ||    88
  Block: Buckler           |    31 |    23 ||    54

Table legend: (Time is in decaauts)
 A = Elapsed time spent in this place.
 B = Non-inter-level travel time spent in this place.
 C = Inter-level travel time spent in this place.
 D = Time resting spent in this place.
 E = Time spent auto-exploring this place.
 F = Levels seen in this place.
 G = Mean time per level.
                   A        B        C        D        E       F      G
               +--------+--------+--------+--------+--------+-----+--------+
         Total |   2988 |   2864 |    124 |      0 |   2300 |   6 |  498.0 |
       Dungeon |   2950 |   2846 |    104 |      0 |   2300 |   5 |  590.0 |
        Temple |     37 |     17 |     20 |      0 |      0 |   1 |   37.0 |
               +--------+--------+--------+--------+--------+-----+--------+

Top non-repeatable levels by time:
     D:1: 877 daAuts
     D:4: 736 daAuts
     D:3: 683 daAuts
     D:2: 642 daAuts
  Temple: 37 daAuts
     D:5: 10 daAuts
